 Dungeon Crawl Stone Soup version 0.26-a0-497-g0187308201 (webtiles) character file.

Game seed: 17120205779018080546

7284 Infinimo the Basher (level 11, -4/99 HPs)
             Began as a Hill Orc Fighter on Aug 6, 2020.
             Was an Initiate of Gozag.
             Shot with an arrow by a centaur warrior (9 damage)
             ... on level 8 of the Dungeon.
             The game lasted 00:12:24 (11027 turns).

Infinimo the Basher (Hill Orc Fighter)             Turns: 11027, Time: 00:12:24

Health: -4/99      AC: 14    Str: 20    XL:     11   Next: 12%
Magic:  0/11       EV:  8    Int: 11    God:    Gozag
Gold:   1640       SH: 11    Dex: 10    Spells: 10/10 levels left

rFire    + . .     SeeInvis .   u - +0 morningstar
rCold    . . .     Faith    .   c - +0 kite shield
rNeg     . . .     Spirit   +   b - +1 scale mail
rPois    .         Reflect  .   a - +0 helmet
rElec    .         Harm     .   k - +2 cloak {Stlth+}
rCorr    +                      (no gloves)
MR       .....                  (no boots)
Stlth    ..........             o - amulet of guardian spirit
HPRegen  0.26/turn              p - ring of resist corrosion
MPRegen  0.12/turn              r - ring of protection from fire

@: lightly drained
A: no striking features
a: Potion Petition, Call Merchant, Bribe Branch, Renounce Religion


You were on level 8 of the Dungeon.
You worshipped Gozag.
Gozag was most pleased with you.
You visited 1 branch of the dungeon, and saw 8 of its levels.

You collected 1697 gold pieces.
You paid 57 gold pieces to Gozag.

Inventory:

Hand Weapons
 u - a +0 morningstar (weapon)
Armour
 a - a +0 helmet (worn)
 b - a +1 scale mail (worn)
 c - a +0 kite shield (worn)
 k - a +2 cloak of stealth (worn)
Jewellery
 o - an amulet of guardian spirit (around neck)
 p - a ring of resist corrosion (left hand)
 r - a ring of protection from fire (right hand)
Wands
 s - a wand of disintegration (8)
Scrolls
 f - a scroll of remove curse
 h - a scroll of fog
 i - 3 scrolls of fear
 l - 3 scrolls of enchant armour
 v - 4 scrolls of identify
 w - 3 scrolls of amnesia
 x - a scroll of enchant weapon
Potions
 d - a potion of mutation {unknown}
 e - 2 potions of degeneration {unknown}
 g - 3 potions of lignification {unknown}
 j - 2 potions of resistance
 m - 3 potions of curing
 n - a potion of haste
 q - 2 potions of stabbing {unknown}


   Skills:
 + Level 9.7(9.2) Fighting
 * Level 11.7(11.1) Maces & Flails
 + Level 8.9(8.4) Armour
 + Level 8.9(8.4) Shields


You had 10 spell levels left.
You didn't know any spells.
Your spell library contained the following spells:

 Spells                   Type           Power        Failure   Level
 Animate Skeleton         Necr           #.....       90%         1
 Apportation              Tloc           #.....       90%         1
 Corona                   Hex            #......      90%         1
 Summon Small Mammal      Summ           #...         90%         1
 Blink                    Tloc           N/A          97%         2
 Slow                     Hex            #.......     97%         2
 Tukima's Dance           Hex            #.......     99%         3
 Passage of Golubria      Tloc           N/A          100%        4
 Silence                  Hex/Air        #.........   100%        5


Dungeon Overview and Level Annotations

Branches:
Dungeon (8/15)             Temple (0/1) D:7
   Lair: D:8-11

Altars:
Cheibriados
Elyvilon
Fedhas
Gozag
Kikubaaqudgha
Qazlal
Sif Muna
Uskayaw


Message History

* * * LOW HITPOINT WARNING * * *
As you read the scroll of fear, it crumbles to dust.
You assume a fearsome visage.
The bullfrog zombie is unaffected.
The centaur warrior looks frightened!
The red ugly thing looks frightened!
Cornered, the centaur warrior turns to fight!
You see here an arrow.
Cornered, the red ugly thing turns to fight!
Things that are here:
11 gold pieces; a +0 dagger The centaur warrior wields a +0 longbow.
The centaur warrior shoots an arrow.
You block the arrow.
The centaur warrior shoots an arrow.
The arrow hits you!!
* * * LOW HITPOINT WARNING * * *
Things that are here:
7 gold pieces; an arrow; a stone The centaur warrior shoots an arrow.
The arrow hits you.
* * * LOW HITPOINT WARNING * * *
The centaur warrior shoots an arrow.
The arrow hits you!
You die...
Your body crumbles into a pile of gold.

.......####.#.#.#.#....#####.#.#.
.......# #.#.#.#.#......####....
#......# #.##.#.#.#...#....###.#.
#......#### #.#.#.#..###...))....
######)#.(####.##.#..#.....###...
#.#.#c.#####.#......###.....
#)#(###$.####.....###....#..
#.#.#$###$.###..###...#.....
#.#..u.Z###@..###...######..
#.#.#$###..####.............
#.#.###..###................
#)#.#..###.......##.........
##.#..###...#.....##.######..
#.(####....###.......# #..
###..()))).#.# ##...#### #.#
#......##....# #.....# #.(
#.#.##.##.#######.#.#.#######..


You could see a red ugly thing, a centaur warrior and a bullfrog zombie.

Vanquished Creatures
  A two-headed ogre (D:8)
  A centaur warrior (D:8)
  The ghost of JamesBald the Cutter, a novice HuBe of Trog (D:7)
  Grinder (D:4)
  Prince Ribbit (D:6)
  2 hippogriffs (D:8)
  Sigmund (D:3)
  A wyvern (D:8)
  A steam dragon (D:7)
  A soldier ant (D:8)
  6 orc warriors
  Duvessa (D:7)
  5 ice beasts
  A black bear (D:8)
  A phantom (D:8)
  The ghost of kelmiir the Ruffian, an amateur DrTm (D:6)
  3 ogres
  3 centaurs
  A big kobold (D:8)
  6 bullfrogs
  Dowan (D:7)
  3 scorpions
  A killer bee (D:8)
  5 wights (D:8)
  A bullfrog skeleton (D:8)
  A centaur skeleton (D:8)
  15 orc wizards
  4 hounds
  8 orc priests
  2 jellies
  A water moccasin simulacrum (D:7)
  7 worker ants
  2 iguanas
  A killer bee zombie (D:8)
  A bullfrog simulacrum (D:7)
  2 centaur simulacra
  A hound zombie (D:5)
  3 hound skeletons
  2 worker ant zombies
  12 adders
  3 shadow imps
  4 white imps (D:7)
  4 ufetubi
  2 oozes
  A spectral adder (D:6)
  2 adder zombies
  2 adder skeletons
  3 worms
  2 dart slugs
  An adder simulacrum (D:6)
  7 leopard geckos
  34 orcs
  6 giant cockroaches
  6 goblins
  6 hobgoblins
  15 jackals
  2 quokkas
  2 ball pythons
  7 bats
  5 frilled lizards
  A jackal skeleton (D:6)
  7 kobolds
  11 rats
245 creatures vanquished.

Notes
Turn   | Place    | Note
-------+----------+-------------------------------------------
     0 | D:1      | Infinimo the Hill Orc Fighter began the quest for the Orb.
     0 | D:1      | Reached XP level 1. HP: 19/19 MP: 1/1
    62 | D:1      | Reached XP level 2. HP: 27/27 MP: 2/2
   710 | D:1      | Reached XP level 3. HP: 33/33 MP: 3/3
   721 | D:1      | Reached skill level 3 in Maces & Flails
  1040 | D:2      | Reached XP level 4. HP: 39/40 MP: 4/4
  1770 | D:2      | Found a blossoming altar of Fedhas.
  1948 | D:3      | Reached XP level 5. HP: 47/47 MP: 5/5
  2035 | D:3      | Found a shimmering blue altar of Sif Muna.
  2079 | D:3      | Reached skill level 4 in Maces & Flails
  2129 | D:3      | Found a stormy altar of Qazlal.
  2161 | D:3      | Noticed Sigmund
  2191 | D:3      | Killed Sigmund
  2191 | D:3      | Reached XP level 6. HP: 28/55 MP: 6/6
  2497 | D:3      | Found a snail-covered altar of Cheibriados.
  2582 | D:3      | Found an opulent altar of Gozag.
  2685 | D:3      | Became a worshipper of Gozag Ym Sagoz the Greedy
  2780 | D:4      | Noticed an orc warrior
  3116 | D:4      | Reached skill level 5 in Fighting
  3116 | D:4      | Reached skill level 5 in Maces & Flails
  3270 | D:4      | Killed an orc warrior
  3270 | D:4      | Reached XP level 7. HP: 61/61 MP: 7/7
  3359 | D:4      | Noticed Grinder
  3370 | D:4      | Paralysed by Grinder for 4 turns
  3378 | D:4      | Killed Grinder
  3378 | D:4      | Reached skill level 6 in Maces & Flails
  3378 | D:4      | Reached skill level 5 in Armour
  3378 | D:4      | Reached skill level 5 in Shields
  3988 | D:5      | Entered Level 5 of the Dungeon
  4164 | D:5      | Reached XP level 8. HP: 63/70 MP: 6/8
  4726 | D:5      | Reached skill level 7 in Maces & Flails
  5005 | D:5      | Found an ancient bone altar of Kikubaaqudgha.
  5301 | D:5      | Got a distressingly furry ring mail
  5312 | D:5      | Identified the +1 ring mail of Hopscotch {*Drain rElec
                  | rPois rF+} (You found it on level 5 of the Dungeon)
  5532 | D:6      | Found a blossoming altar of Fedhas.
  6198 | D:6      | Found a runed translucent gate.
  6198 | D:6      | Found a runed translucent gate.
  6198 | D:6      | Found a runed translucent gate.
  6198 | D:6      | Noticed kelmiir's ghost (amateur DrTm)
  6263 | D:6      | Reached skill level 8 in Maces & Flails
  6429 | D:6      | Reached XP level 9. HP: 78/78 MP: 9/9
  6595 | D:6      | Killed kelmiir's ghost
  6698 | D:7      | Noticed Prince Ribbit
  6742 | D:7      | Noticed Duvessa
  6743 | D:7      | Noticed Dowan
  6775 | D:6      | Killed Prince Ribbit
  6973 | D:7      | Killed Duvessa
  6992 | D:7      | Killed Dowan
  7308 | D:7      | Reached skill level 9 in Maces & Flails
  7875 | D:7      | Found a staircase to the Ecumenical Temple.
  7988 | D:7      | Noticed JamesBald's ghost (novice HuBe)
  8043 | D:7      | Found a runed translucent gate.
  8043 | D:7      | Found a runed translucent gate.
  8045 | D:7      | Found a runed translucent gate.
  8227 | D:7      | Found a hide-covered altar of Uskayaw.
  8236 | D:7      | Identified Sif Muna's Disquisition on the Enchanting
                  | Compass
  8331 | D:7      | Killed JamesBald's ghost
  8331 | D:7      | Reached XP level 10. HP: 62/88 MP: 10/10
  8458 | D:7      | Reached skill level 10 in Maces & Flails
  9006 | D:8      | Found a white marble altar of Elyvilon.
  9454 | D:8      | Found a runed translucent door.
 10070 | D:8      | Noticed a two-headed ogre
 10082 | D:8      | Killed a two-headed ogre
 10082 | D:8      | Reached skill level 11 in Maces & Flails
 10183 | D:8      | Found a runed translucent door.
 10183 | D:8      | Noticed a centaur warrior
 10372 | D:8      | Found a runed translucent door.
 10392 | D:8      | Killed a centaur warrior
 10393 | D:8      | Reached XP level 11. HP: 54/97 MP: 6/11
 10964 | D:8      | Found the +3 pair of gauntlets of War {Slay+5}
 10967 | D:8      | Noticed a centaur warrior
 10967 | D:8      | Noticed a red ugly thing
 11027 | D:8      | Shot with an arrow by a centaur warrior

Illustrated notes

Levels and vault maps discovered:
D:1:      tarquinn_simple_flora_water_b, layout_basic
D:2:      layout_rooms, fedhas_altar_1, nrook_mini_vaults
D:3:      layout_loops_ring, kennysheep_slug_shrine, old_standard_altar,
          old_standard_altar, nicolae_gozag_cash_rules_everything_around_me,
          uniq_sigmund
D:4:      layout_gridville, chequers_big_river, uniq_grinder
D:5:      layout_basic, basic_altar
D:6:      layout_gridville, basic_altar, gammafunk_ghost_necromancy,
          minmay_misc_feat_tiny
D:7:      layout_rooms, eat_drink_and_be_merry_uskayaw,
          minmay_temple_entry_glassed_door, gammafunk_ghost_icy,
          minmay_a_box_with_orc_wizards_in_it, uniq_prince_ribbit1, uniq_duvessa
D:8:      minmay_the_grid_triangle_9x9_rhombus_thin
          [minmay_the_grid_triangle_9x9_impossible_snake,
          minmay_the_grid_triangle_9x9_prize_top_heavy,
          minmay_the_grid_triangle_9x9_fully_insulated_deathbox,
          minmay_the_grid_triangle_9x9_pentomino_pain], layout_loops_cross,
          elyvilon_altar_5, enter_bailey_6

Skill      XL: |  1  2  3  4  5  6  7  8  9 10 |
---------------+-------------------------------+-----
Maces & Flails | 3 4 5 6 8 9 11 | 11.7
Fighting       | 4 5 6 8 9 |  9.7
Shields        | 4 5 6 7 8 |  8.9
Armour         | 4 5 6 7 8 |  8.9

Action                   |  1- 3 |  4- 6 |  7- 9 | 10-12 || total
-------------------------+-------+-------+-------+-------++-------
Melee: Flail             |    87 |   254 |    16 |       ||   357
       Morningstar       |       |       |   414 |   294 ||   708
  Use: Scroll            |     2 |     6 |    12 |     3 ||    23
       Potion            |       |     2 |     2 |     1 ||     5
 Stab: Distracted        |       |       |     1 |       ||     1
Armor: Scale mail        |    40 |   115 |   208 |   109 ||   472
Dodge: Dodged            |    29 |    87 |   150 |    60 ||   326
Block: Kite shield       |    49 |   155 |   240 |   149 ||   593

Table legend: (Time is in decaauts)
 A = Elapsed time spent in this place.
 B = Non-inter-level travel time spent in this place.
 C = Inter-level travel time spent in this place.
 D = Time resting spent in this place.
 E = Time spent auto-exploring this place.
 F = Levels seen in this place.
 G = Mean time per level.
                   A        B        C        D        E       F      G
               +--------+--------+--------+--------+--------+-----+--------+
         Total |  11190 |  10733 |    457 |     16 |   8631 |   8 | 1398.8 |
       Dungeon |  11190 |  10733 |    457 |     16 |   8631 |   8 | 1398.8 |
               +--------+--------+--------+--------+--------+-----+--------+

Top non-repeatable levels by time:
     D:8: 2400 daAuts
     D:7: 1685 daAuts
     D:4: 1552 daAuts
     D:6: 1438 daAuts
     D:5: 1324 daAuts
     D:1: 1030 daAuts
     D:2: 933 daAuts
     D:3: 824 daAuts
